 Dungeon Crawl Stone Soup version 0.22-a0-162-g33bf127 (webtiles) character file.

1448 mhoghedin the Tainter (level 8, -1/62 HPs)
             Began as a Naga Venom Mage on Feb 12, 2018.
             Killed from afar by Blork the orc (9 damage)
             ... with a puff of frost
             ... on level 6 of the Dungeon.
             The game lasted 00:15:00 (6554 turns).

mhoghedin the Tainter (Naga Venom Mage)             Turns: 6554, Time: 00:15:01

Health: -1/62      AC:  9    Str: 10    XL:     8   Next: 75%
Magic:  12/14      EV:  8    Int: 19    God:
Gold:   249        SH:  0    Dex: 11    Spells: 2/16 levels left

rFire    . . .     SeeInvis +   y - +0 dagger (venom)
rCold    . . .     Gourm    +   (no shield)
rNeg     . . .     Faith    .   a - +0 robe
rPois    +         Spirit   .   s - +1 hat
rElec    .         Reflect  .   u - +0 cloak
rCorr    .         Harm     .   (no gloves)
MR       +....                  i - +0 naga barding
Stlth    +++.......             f - amulet of the gourmand {Gourm, !d}
HPRegen  0.20/turn              (no ring)
MPRegen  0.14/turn              (no ring)

@: very slow
A: large, see invisible, deformed body, poison resistance, slowness 2, slow
metabolism 1, spit poison 1, AC +2
a: Spit Poison


You were on level 6 of the Dungeon.
You were very full.

You visited 1 branch of the dungeon, and saw 6 of its levels.
You also visited: Sewer.

You collected 249 gold pieces.

Inventory:

Hand Weapons
 k - a +1 dagger of pain
   (You took it off a kobold on level 1 of the Dungeon)
 y - a +0 dagger of venom (weapon)
   (You took it off Dowan on level 4 of the Dungeon)
Missiles
 q - a throwing net {=f, !d}
Armour
 a - a +0 robe (worn)
 i - a +0 naga barding (worn)
   (You found it on level 1 of the Dungeon)
 s - a +1 hat (worn)
   (You found it in a sewer)
 u - a +0 cloak (worn)
   (You took it off Crazy Yiuf on level 3 of the Dungeon)
Jewellery
 f - an amulet of the gourmand (around neck) {Gourm, !d}
   (You found it on level 1 of the Dungeon)
Wands
 m - a wand of flame (16)
   (You found it on level 5 of the Dungeon)
 v - a wand of polymorph (17)
   (You took it off Crazy Yiuf on level 3 of the Dungeon)
Scrolls
 d - 3 scrolls of amnesia
 j - 3 scrolls of magic mapping {!r}
 l - 2 scrolls of blinking {!r}
 p - 2 scrolls of enchant weapon
 t - a scroll of fear {unknown}
 w - 4 scrolls of teleportation
 A - a scroll of enchant armour {unknown}
 B - a scroll of acquirement {unknown}
Potions
 e - 2 potions of curing
 g - 2 potions of degeneration {!q}
 h - 2 potions of mutation {unknown}
 n - a potion of brilliance
 o - a potion of haste
 x - a potion of flight
 z - a potion of might {unknown}
Books
 b - a Young Poisoner's Handbook
Comestibles
 c - 11 rations


   Skills:
 + Level 3.5 Short Blades
 - Level 1.5 Dodging
 + Level 7.1 Stealth
 - Level 4.6 Spellcasting
 - Level 4.8 Conjurations
 - Level 8.6 Poison Magic


You had 2 spell levels left.
You knew the following spells:

 Your Spells              Type           Power        Failure   Level  Hunger
a - Venom Bolt            Conj/Pois      ####......   22%         5    ######.
b - Poisonous Vapours     Pois/Air       ###...       3%          2    #......
c - Olgreb's Toxic Radia  Pois           #####...     3%          4    ####...
x - Mephitic Cloud        Conj/Pois/Air  ###.....     6%          3    ###....


Dungeon Overview and Level Annotations

Branches:
Dungeon (5/15)
 Temple: D:4-7

Altars:
Ru
Xom
The Shining One

Shops:
D:4 (

Annotations:
D:6 Blork the orc


Innate Abilities, Weirdness & Mutations

You cannot wear boots.
Your serpentine skin is tough. (AC +2)
You have supernaturally acute eyesight. (SInv)
Armour fits poorly on your strangely shaped body.
Your system is resistant to poisons. (rPois)
You cover ground very slowly.
You have a slow metabolism.
You can spit poison.


Message History

g - 2 potions of degeneration {!q} (gained 1)
An ice beast comes into view.
Unknown command.
Blork the orc comes into view.
He is wielding a glaive of freezing.
Aim: an ice beast (resting)
The puff of flame hits the ice beast.
The ice beast appears unharmed.
Blork the orc moves out of view.
Aim: an ice beast The puff of flame hits the ice beast.
The ice beast melts!
Aim: an ice beast (moderately wounded)
The puff of flame misses the ice beast.
Okay, then.
Unknown command.
You begin to radiate toxic energy.
Blork the orc is poisoned.
The ice beast hits you. The ice beast freezes you!
You take 10 damage, and have 52/62 hp.
You now have 10/14 mp.
Blork the orc gestures wildly while chanting.
Blork the orc flickers and vanishes for a moment.
Aim: an ice beast (moderately wounded)
The puff of flame hits the ice beast.
The ice beast melts!
Blork the orc looks even sicker.
Your toxic aura wanes.
The ice beast hits you. The ice beast freezes you!
You take 8 damage, and have 44/62 hp.
Aim: an ice beast (moderately wounded)
The puff of flame hits the ice beast.
The ice beast melts!
The ice beast barely misses you.
Aim: an ice beast (heavily wounded)
The ball explodes into a vile cloud!
The stinking cloud engulfs the ice beast.
The ice beast appears unharmed.
The stinking cloud engulfs Blork the orc.
The stinking cloud engulfs you!
You hear a shout! x4
The ice beast hits you. The ice beast freezes you.
Blork the orc is engulfed in noxious fumes.
Blork the orc appears confused.
Blork the orc cries, "My head!
MY HEAD!!!"
You take 7 damage, and have 37/62 hp.
You now have 7/14 mp.
You are too injured to fight recklessly!
You are too injured to fight recklessly!
You hit the ice beast.
The ice beast is poisoned.
The ice beast barely misses you.
You hit the ice beast but do no damage.
The ice beast hits you but does no damage.
Blork the orc is engulfed in noxious fumes.
Blork the orc appears confused.
You hit the ice beast.
The ice beast looks as sick as possible!
The ice beast barely misses you.
You closely miss the ice beast.
The ice beast hits you but does no damage.
Aim: an ice beast (noxious fumes, severely wounded, poisoned)
The puff of flame hits the ice beast.
The ice beast melts!
You kill the ice beast!
Your Stealth skill increases to level 7!
You hear a shout!
You start resting.
You regained 5 hp, and now have 44/62 hp.
You regained 4 mp, and now have 13/14 mp.
Blork the orc begins to cast a cantrip, but forgets the words!
Blork the orc hits you with a glaive of freezing!
Blork the orc freezes you.
You take 15 damage, and have 29/62 hp.
MASSIVE DAMAGE!!
Aim: Blork the orc, wielding a glaive of freezing and wearing a robe (heavily wounded)
The puff of flame hits Blork the orc.
Aim: Blork the orc, wielding a glaive of freezing and wearing a robe (heavily wounded)
The puff of flame hits Blork the orc.
Blork the orc gestures at you while chanting.
The puff of flame hits you!
You take 4 damage, and have 26/62 hp.
Aim: Blork the orc, wielding a glaive of freezing and wearing a robe (severely wounded)
The puff of flame hits Blork the orc.
Blork the orc hits you with a glaive of freezing!
* * * LOW HITPOINT WARNING * * *
Blork the orc freezes you.
* * * LOW HITPOINT WARNING * * *
You take 19 damage, and have 7/62 hp.
MASSIVE DAMAGE!!
Aim: Blork the orc, wielding a glaive of freezing and wearing a robe (almost dead)
The puff of flame hits Blork the orc.
Blork the orc appears unharmed.
Blork the orc hits you with a glaive of freezing.
* * * LOW HITPOINT WARNING * * *
Blork the orc freezes you.
* * * LOW HITPOINT WARNING * * *
You take 6 damage, and have 1/62 hp.
You feel better.
Blork the orc casts a cantrip, but nothing happens.
You regained 6 hp, and now have 7/62 hp.
Okay, then.
Unknown command.
Okay, then.
Unknown command.
Aim: Blork the orc, wielding a glaive of freezing and wearing a robe (almost dead) Poisonous vapours surround Blork the orc!
Blork the orc is poisoned.
Blork the orc casts a spell at you. The puff of frost hits you!
You die...

###.# #.#
#.#
##.####
#.....#
#.....#
#....#...#
#.#.###..#
#..# ##@##
#.# ##o#
#. #.## #
#.## #..
..#. #.##.
#. .# # #


You could see Blork the orc.

Vanquished Creatures
  Sigmund (D:4)
  Menkaure (D:4)
  Edmund (D:4)
  Duvessa (D:4)
  2 ice beasts
  A phantom (D:4)
  Dowan (D:4)
  A hound (D:5)
  An orc priest (D:4)
  Crazy Yiuf (D:3)
  An orc wizard (D:4)
  A centaur skeleton (D:4)
  An iguana (D:5)
  A worker ant (D:5)
  Natasha (thrice) (D:3)
  A hound skeleton (D:4)
  3 gnolls (D:5)
  9 adders
  A howler monkey skeleton (D:4)
  2 shadow imps (D:5)
  7 oozes
  9 worms
  4 dart slugs
  6 leopard geckos
  10 orcs
  6 giant cockroaches
  12 goblins
  10 hobgoblins
  8 jackals
  5 quokkas
  2 ball pythons
  14 bats
  9 frilled lizards
  10 kobolds
  9 rats
155 creatures vanquished.

Notes
Turn   | Place    | Note
-------+----------+-------------------------------------------
     0 | D:1      | mhoghedin the Naga Venom Mage began the quest for the Orb.
     0 | D:1      | Reached XP level 1. HP: 15/15 MP: 3/3
   217 | D:1      | Reached XP level 2. HP: 13/22 MP: 0/5
   393 | D:1      | Learned a level 2 spell: Poisonous Vapours
   584 | D:1      | Reached skill level 5 in Poison Magic
   667 | D:1      | Found an opulent altar of Gozag.
   669 | D:1      | Found a snail-covered altar of Cheibriados.
   669 | D:1      | Found an opulent altar of Gozag.
   686 | D:1      | Reached XP level 3. HP: 22/28 MP: 3/6
   751 | D:1      | Found a hide-covered altar of Uskayaw.
   751 | D:1      | Found a radiant altar of Vehumet.
   751 | D:1      | Found a shimmering altar of Xom.
  1312 | D:2      | HP: 3/28 [worm (11)]
  1784 | D:2      | Reached XP level 4. HP: 36/36 MP: 8/8
  1797 | D:2      | Learned a level 4 spell: Olgreb's Toxic Radiance
  2022 | D:2      | Reached skill level 3 in Spellcasting
  2067 | D:2      | Found a faded altar of an unknown god.
  2212 | D:2      | Reached skill level 6 in Poison Magic
  2395 | D:3      | Reached XP level 5. HP: 38/42 MP: 3/9
  2777 | D:3      | Noticed Natasha
  2783 | D:3      | Killed Natasha
  2884 | D:3      | Noticed Natasha
  2893 | D:3      | Killed Natasha
  2961 | D:3      | Noticed Natasha
  2963 | D:3      | Killed Natasha
  2963 | D:3      | Reached skill level 4 in Spellcasting
  2963 | D:3      | Reached skill level 7 in Poison Magic
  2963 | D:3      | Reached XP level 6. HP: 49/49 MP: 4/12
  2968 | D:3      | Learned a level 3 spell: Mephitic Cloud
  3375 | D:3      | Found a runed door.
  3379 | D:3      | Noticed Crazy Yiuf
  3421 | D:3      | Killed Crazy Yiuf
  3489 | D:4      | Found Zuisen's Weapon Boutique.
  3490 | D:4      | Noticed Sigmund
  3494 | D:4      | Killed Sigmund
  3501 | D:4      | Learned a level 5 spell: Venom Bolt
  3622 | D:4      | Reached XP level 7. HP: 53/55 MP: 13/13
  3648 | D:4      | Reached skill level 8 in Poison Magic
  3675 | D:4      | Reached skill level 2 in Conjurations
  3901 | D:4      | Found a glowing drain.
  3921 | Sewer    | Entered a sewer
  4885 | D:4      | Reached skill level 4 in Stealth
  4954 | D:4      | Noticed Dowan
  4955 | D:4      | Noticed Duvessa
  4965 | D:4      | Killed Duvessa
  4965 | D:4      | Reached skill level 1 in Short Blades
  4968 | D:4      | Killed Dowan
  4968 | D:4      | Reached skill level 2 in Short Blades
  4968 | D:4      | Reached skill level 5 in Stealth
  5126 | D:4      | Reached XP level 8. HP: 62/62 MP: 14/14
  5310 | D:4      | Noticed Edmund
  5319 | D:4      | Killed Edmund
  5319 | D:4      | Reached skill level 3 in Conjurations
  5364 | D:4      | Noticed Menkaure
  5375 | D:4      | Killed Menkaure
  5375 | D:4      | Reached skill level 4 in Conjurations
  5555 | D:5      | Entered Level 5 of the Dungeon
  5779 | D:5      | Found a glowing golden altar of the Shining One.
  6138 | D:5      | Found a sacrificial altar of Ru.
  6157 | D:5      | Reached skill level 3 in Short Blades
  6157 | D:5      | Reached skill level 6 in Stealth
  6480 | D:5      | You fall through a shaft!
  6502 | D:6      | Noticed Blork the orc
  6515 | D:6      | Reached skill level 7 in Stealth
  6551 | D:6      | HP: 13/62 [Blork the orc/glaive of freezing (13)]
  6552 | D:6      | HP: 3/62 [Blork the orc/glaive of freezing (4)]
  6552 | D:6      | HP: 1/62 [Blork the orc/glaive of freezing (2)]
  6554 | D:6      | Killed from afar by Blork the orc

Vault maps used:
D:1:      lemuel_arrival_funnel, doesnt_xom_only_xom
D:2:      chequers_ecumenical_altar_lobes, grunt_ministairs_13, minivault_11
D:3:      st_stairs_11, minmay_surrounded, uniq_natasha, uniq_crazy_yiuf_cottage
D:4:      portal_sewer_entry_d, serial_shops, shop, first_ration,
          minmay_misc_feat_diagonals, minmay_misc_feat_rows, uniq_duvessa,
          uniq_sigmund, uniq_edmund, uniq_menkaure
D:5:      kennysheep_mini, basic_altar
D:6:      makhleb_heckhound_becter, overflow_temple_1_default,
          chequers_temple_overflow_statue_of_worship,
          minmay_temple_entry_nine_rooms, serial_shops, nicolae_shop_crystal,
          uniq_blork_the_orc
Sewer:    sewer_fruit_machine

Skill      XL: |  1  2  3  4  5  6  7  8 |
---------------+-------------------------+-----
Poison Magic   | 5 6 7 8 |  8.6
Spellcasting   | 3 4 |  4.6
Conjurations   | 2 4 |  4.8
Stealth        | 5 7 |  7.1
Short Blades   | 2 3 |  3.5
Dodging        | |  1.5

Action                   |  1- 3 |  4- 6 |  7- 9 || total
-------------------------+-------+-------+-------++-------
Melee: Dagger            |   111 |   154 |   214 ||   479
       Unarmed           |     5 |       |       ||     5
 Cast: Sting             |    14 |       |       ||    14
       Poisonous Vapours |    10 |    34 |     7 ||    51
       Olgreb's Toxic Ra |       |     4 |    13 ||    17
       Venom Bolt        |       |       |     2 ||     2
       Mephitic Cloud    |       |       |     1 ||     1
 Abil: Spit Poison       |     8 |       |       ||     8
Evoke: Wand              |       |       |    25 ||    25
  Use: Scroll            |       |     6 |     3 ||     9
       Potion            |       |       |     8 ||     8
 Stab: Sleeping          |     8 |     1 |     4 ||    13
  Eat: Chunk             |    10 |    10 |    11 ||    31
Armor: Robe              |    45 |    92 |   122 ||   259
Dodge: Dodged            |    73 |    94 |   108 ||   275

Table legend:
 A = Spawn XP
 B = Non-spawn XP
 C = Spawn XP percentage of total XP
 D = Spawn monster count
 E = Non-spawn monster count
 F = Spawn count percentage of total count
 G = Total turns spent on level
                    A         B        C        D         E        F      G
               +---------+---------+-------+---------+---------+-------+---------
         Total |       0 |    2069 |   0.0 |       0 |     155 |   0.0 |  6554
               +---------+---------+-------+---------+---------+-------+---------
           D:1 |       0 |      63 |   0.0 |       0 |      33 |   0.0 |  1593
           D:2 |       0 |      68 |   0.0 |       0 |      20 |   0.0 |   740
           D:3 |       0 |     268 |   0.0 |       0 |      38 |   0.0 |  1194
           D:4 |       0 |    1105 |   0.0 |       0 |      21 |   0.0 |  1104
           D:5 |       0 |     349 |   0.0 |       0 |      19 |   0.0 |   925
           D:6 |       0 |     143 |   0.0 |       0 |       1 |   0.0 |    74
         Sewer |       0 |      73 |   0.0 |       0 |      23 |   0.0 |   924
               +---------+---------+-------+---------+---------+-------+---------

Vault maps used:
D:1:      lemuel_arrival_funnel, doesnt_xom_only_xom
D:2:      chequers_ecumenical_altar_lobes, grunt_ministairs_13, minivault_11
D:3:      st_stairs_11, minmay_surrounded, uniq_natasha, uniq_crazy_yiuf_cottage
D:4:      portal_sewer_entry_d, serial_shops, shop, first_ration,
          minmay_misc_feat_diagonals, minmay_misc_feat_rows, uniq_duvessa,
          uniq_sigmund, uniq_edmund, uniq_menkaure
D:5:      kennysheep_mini, basic_altar
D:6:      makhleb_heckhound_becter, overflow_temple_1_default,
          chequers_temple_overflow_statue_of_worship,
          minmay_temple_entry_nine_rooms, serial_shops, nicolae_shop_crystal,
          uniq_blork_the_orc
Sewer:    sewer_fruit_machine

Table legend:
 A = Turns spent in this place as a percentage of turns spent in the entire game.
 B = Non-inter-level travel turns spent in this place as a percentage of non-inter-level travel turns spent in the entire game.
 C = Inter-level travel turns spent in this place as a percentage of turns spent in this place.
 D = Turns resting spent in this place as a percentage of non-inter-level travel turns spent in this place.
 E = Turns spent auto-exploring this place as a percentage of non-inter-level travel turns spent in this place.
 F = Non-inter-level travel turns spent in this place divided by the number of levels of this place that you've seen.
                   A       B       C       D       E      F
               +-------+-------+-------+-------+-------+----------------------
         Total | 100.0 | 100.0 |   2.8 |  32.4 |  44.4 | 909.9
       Dungeon |  85.9 |  85.5 |   3.3 |  32.4 |  46.0 | 907.5
         Sewer |  14.1 |  14.5 |   0.0 |  32.7 |  34.8 | 924.0
               +-------+-------+-------+-------+-------+----------------------

Table legend:
 A = Kills in this place as a percentage of kills in entire the game.
 B = Kills by you in this place as a percentage of kills by you in the entire game.
 C = Kills by friends in this place as a percentage of kills by friends in the entire game.
 D = Other kills in this place as a percentage of other kills in the entire game.
 E = Experience gained in this place as a percentage of experience gained in the entire game.
 F = Experience gained in this place divided by the number of levels of this place that you have seen.
                   A       B       C       D       E      F
               +-------+-------+-------+-------+-------+----------------------
         Total | 100.0 | 100.0 |   N/A |   N/A | 100.0 | 295.6
       Dungeon |  85.2 |  85.2 |   N/A |   N/A |  96.5 | 332.7
         Sewer |  14.8 |  14.8 |   N/A |   N/A |   3.5 |  73.0
               +-------+-------+-------+-------+-------+----------------------
